 Dungeon Crawl Stone Soup version 0.29-a0-998-g1987434951 (webtiles) character file.

Game seed: 8572712468918801469

23 Aramant the Covered (level 2, -1/19 HPs)
             Began as a Gargoyle Fighter on Aug 5, 2022.
             Slain by a scorpion (2 damage)
             ... on level 5 of the Dungeon.
             The game lasted 00:02:41 (443 turns).

Aramant the Covered (Gargoyle Fighter)               Turns: 443, Time: 00:02:42

Health: -1/19      AC:  9    Str: 19    XL:     2   Next: 95%
Magic:  2/2        EV:  9    Int: 14    God:
Gold:   36         SH:  4    Dex:  9    Spells: 1/1 levels left

rFire   . . .      SeeInvis .   a - +0 flail
rCold   . . .      Faith    .   c - +0 buckler
rNeg    + . .      Spirit   .   b - +0 scale mail
rPois   ∞          Reflect  .   (no helmet)
rElec   +          Harm     .   (no cloak)
rCorr   .          Rampage  .   (no gloves)
Will    .....                   (no boots)
Stlth   ..........              (no amulet)
HPRegen 0.06/turn               g - +6 ring of intelligence
MPRegen 0.08/turn               (no ring)

@: no status effects
A: sickness immunity, AC +2, negative energy resistance 1, electricity
resistance, torment resistance 1, petrification resistance
a: no special abilities


You were on level 5 of the Dungeon.
You visited 1 branch of the dungeon, and saw 5 of its levels.

You collected 36 gold pieces.

Inventory:

Hand Weapons
 a - a +0 flail (weapon)
Armour
 b - a +0 scale mail (worn)
 c - a +0 buckler (worn)
Jewellery
 g - a +6 ring of intelligence (left hand)
Scrolls
 e - 2 scrolls of identify {unknown}
 h - a scroll of immolation {unknown}
Potions
 d - a potion of might
 f - a potion of heal wounds {unknown}


   Skills:
 + Level 3.5 Fighting
 + Level 2.3 Maces & Flails
 + Level 3.7 Armour
 + Level 3.6 Shields


You had one spell level left.
You didn't know any spells.
Your spell library was empty.

Dungeon Overview and Level Annotations

Branches:
Dungeon (5/15)
 Temple: D:4-7

Altars:


Innate Abilities, Weirdness & Mutations

You are immune to sickness and miasma.
Your stone body is resilient. (AC +2)
You are immune to poison.
You resist negative energy. (rN+)
You are resistant to electric shocks. (rElec)
You are resistant to unholy torment.
You are immune to petrification.


Message History

There is a stone staircase leading up here.
You see here a scroll labelled JUYNOKH LUCZA.
As you read the scroll labelled JUYNOKH LUCZA, it crumbles to dust.
You assume a fearsome visage.
The dart slug looks frightened!
The kobold looks frightened!
It was a scroll of fear.
There is a stone staircase leading up here.
There is a stone staircase leading down here.
You climb downwards.
Found a book of Hexes and a scroll labelled XAZUOD ICKEOWN.
There is a stone staircase leading up here.
Found 4 gold pieces.
e - 2 scrolls labelled XAZUOD ICKEOWN (gained 1)
A scorpion comes into view.
The scorpion barely misses you. The scorpion barely misses you.
You closely miss the scorpion. The scorpion stings you.
The scorpion barely misses you.
You barely miss the scorpion. The scorpion stings you. x2
You barely miss the scorpion. The scorpion closely misses you.
You hit the scorpion but do no damage.
The scorpion stings you but does no damage.
The scorpion stings you.
You closely miss the scorpion.
The scorpion stings you but does no damage.
You closely miss the scorpion.
The scorpion stings you but does no damage. x2
You closely miss the scorpion. The scorpion misses you.
You hit the scorpion.
The scorpion is moderately wounded.
The scorpion stings you but does no damage. x2
You hit the scorpion.
The scorpion is heavily wounded.
The scorpion stings you.
* * * LOW HITPOINT WARNING * * *
The scorpion stings you.
* * * LOW HITPOINT WARNING * * *
The scorpion attacks as you move away! The scorpion closely misses you.
There is a stone staircase leading up here.
The scorpion stings you.
You die...

..#.. #..#..#
.... #.....# #..
#.#...
#..####.#.# .
##.........##
..##...........##
:...............#
.#............#
#...@s......$#
##..........##
.............##
..#.#######...#
.. #..... ..
#.##... . .. ...


You could see a scorpion.

Vanquished Creatures
  2 dart slugs
  4 orcs (D:3)
  2 endoplasms (D:2)
  A giant cockroach (D:2)
  2 hobgoblins
  A bat (D:2)
  A frilled lizard (D:3)
  A rat (D:2)
14 creatures vanquished.

Notes
Turn   | Place    | Note
-------+----------+-------------------------------------------
     0 | D:1      | Aramant the Gargoyle Fighter began the quest for the Orb.
     0 | D:1      | Reached XP level 1. HP: 14/14 MP: 1/1
    80 | D:2      | Reached XP level 2. HP: 18/19 MP: 2/2
   418 | D:5      | Entered Level 5 of the Dungeon
   424 | D:5      | Noticed a scorpion
   443 | D:5      | Slain by a scorpion

Illustrated notes

Levels and vault maps discovered:
D:1:      scummos_arrival_hexagon, layout_basic, serial_shops,
          nicolae_shop_hallway_plus, chequers_ecumenical_altar_simple_redux,
          minivault_23, hangedman_decor_opposing, serial_bayou_pond_c,
          dk_noncrumbling_2
D:2:      layout_basic, serial_shops, nicolae_shop_advertising_works
          [nicolae_subvault_shop_adworks]
D:3:      minmay_inner_zag, layout_basic, marbit_many_paths,
          guppyfry_early_orc_mine
D:4:      layout_loops_ring, mainiacjoe_overflow_two_lobes,
          portal_sewer_entry_d, kennysheep_opposing_triangles
D:5:      layout_rooms, nicolae_qazlal_general_emergency, gammafunk_ghost_smash,
          roderic_cross_of_infinity, minmay_shop_damaged

Action                   || total
-------------------------++-------
Melee: Flail             ||    42
  Use: Scroll            ||     1
Armor: Scale mail        ||    22
Dodge: Dodged            ||    20
Block: Buckler           ||     7

Table legend: (Time is in decaauts)
 A = Elapsed time spent in this place.
 B = Non-inter-level travel time spent in this place.
 C = Inter-level travel time spent in this place.
 D = Time resting spent in this place.
 E = Time spent auto-exploring this place.
 F = Levels seen in this place.
 G = Mean time per level.
                   A        B        C        D        E       F      G
               +--------+--------+--------+--------+--------+-----+--------+
         Total |    455 |    308 |    147 |    199 |      0 |   5 |   91.0 |
       Dungeon |    455 |    308 |    147 |    199 |      0 |   5 |   91.0 |
               +--------+--------+--------+--------+--------+-----+--------+

Top non-repeatable levels by time:
     D:3: 245 daAuts
     D:2: 113 daAuts
     D:1: 56 daAuts
     D:5: 27 daAuts
     D:4: 12 daAuts
